 Dungeon Crawl Stone Soup version 0.21.1-1-g345015f (webtiles) character file.

184 LairdRich the Chopper (level 5, -2/70 HPs)
             Began as a Minotaur Berserker on June 24, 2018.
             Was a Believer of Trog.
             Killed by nerve-wracking pain
             ... invoked by Grinder
              (5 damage)
             ... on level 3 of the Dungeon.
             The game lasted 00:03:56 (2159 turns).

LairdRich the Chopper (Minotaur Berserker)          Turns: 2159, Time: 00:03:57

Health: -2/70      AC:  7    Str: 26    XL:     5   Next: 36%
Magic:  4/4        EV: 11    Int:  4    God:    Trog [**....]
Gold:   90         SH:  0    Dex: 11    Spells: 4/4 levels left

rFire    . . .     SeeInvis .   a - +0 hand axe
rCold    . . .     Gourm    .   (no shield)
rNeg     . . .     Faith    .   l - +0 scale mail
rPois    .         Spirit   .   (helmet restricted)
rElec    .         Reflect  .   (no cloak)
rCorr    .         Harm     .   (no gloves)
MR       .....                  (no boots)
Stlth    ..........             (no amulet)
HPRegen  0.21/turn              (no ring)
MPRegen  0.09/turn              (no ring)

@: berserking, very quick
A: retaliatory headbutt, horns 2
a: Berserk, Trog's Hand, Burn Spellbooks, Renounce Religion


You were on level 3 of the Dungeon.
You worshipped Trog.
Trog was pleased with you.
You were hungry.

You visited 1 branch of the dungeon, and saw 3 of its levels.

You collected 90 gold pieces.

Inventory:

Hand Weapons
 a - a +0 hand axe (weapon)
Armour
 l - a +0 scale mail (worn)
Scrolls
 b - 4 scrolls of identify {unknown}
 d - a scroll of enchant weapon {unknown}
 f - 3 scrolls of remove curse {unknown}
 i - 2 scrolls of fog {unknown}
 k - a scroll of blinking {unknown}
 n - a scroll of enchant armour {unknown}
 q - a scroll of teleportation {unknown}
Potions
 c - a potion of brilliance {unknown}
 g - a potion of curing {unknown}
 h - a potion of heal wounds {unknown}
 j - a potion of agility {unknown}
 o - a potion of flight {unknown}
 p - a potion of magic {unknown}
Comestibles
 e - 6 rations
 m - 2 chunks of flesh


   Skills:
 + Level 4.8 Fighting
 * Level 5.8 Axes
 + Level 3.9 Armour
 - Level 2.1 Dodging


You had 4 spell levels left.
You didn't know any spells.

Dungeon Overview and Level Annotations

Branches:
Dungeon (3/15)

Altars:
Uskayaw

Annotations:
D:3 Grinder


Innate Abilities, Weirdness & Mutations

You reflexively headbutt those who attack you in melee.
You have a pair of horns on your head.


Message History

* * * LOW HITPOINT WARNING * * *
You writhe in agony.
* * * LOW HITPOINT WARNING * * *
You closely miss Grinder.
Grinder is severely wounded.
Grinder gestures at you. You resist with significant effort.
Some of the chunks of flesh in your inventory have rotted away.
You hit Grinder but do no damage.
Grinder is severely wounded.
Grinder hits you.
* * * LOW HITPOINT WARNING * * *
You writhe in agony.
* * * LOW HITPOINT WARNING * * *
A red film seems to cover your vision as you go berserk!
You feel yourself moving faster!
You feel mighty!
You are feeling hungry.
Grinder gestures at you. Pain shoots through your body!
You die...

###.###.# #.#
#.####.#.##.##.## #.#
#[. ...
#.....(#.##.##.# #.#
## #..
#.###..#.##....# #.#
#.. #.# #..<..#..####
#.# #.# #..).........
# #.# ####..#..####
#. #.# #..#..####
#..##.######..#......
#..5@............####
#####.##.###..####
#....(....#
####.####.# ####. #.#
#.# # ..... #.# #.# #
##### #)# #.# # ##.##
#.# # ##...# #.# #


You could see Grinder.

Vanquished Creatures
  A bullfrog (D:3)
  Jessica (D:2)
  Terence (D:2)
  An adder (D:3)
  An ooze (D:2)
  2 worms (D:2)
  3 dart slugs
  2 leopard geckos
  3 bats
  A giant cockroach (D:2)
  4 goblins
  2 hobgoblins
  4 jackals (D:2)
  7 kobolds
  3 quokkas
  A ball python (D:1)
  4 rats
41 creatures vanquished.

Notes
Turn   | Place    | Note
-------+----------+-------------------------------------------
     0 | D:1      | LairdRich the Minotaur Berserker began the quest for the Orb.
     0 | D:1      | Reached XP level 1. HP: 19/19 MP: 0/0
   426 | D:1      | Reached skill level 4 in Axes
   468 | D:1      | Reached XP level 2. HP: 27/27 MP: 1/1
   599 | D:2      | Noticed Jessica
   671 | D:2      | Killed Jessica
   671 | D:2      | Reached XP level 3. HP: 33/33 MP: 2/2
   802 | D:2      | Noticed Terence
   814 | D:2      | Killed Terence
   814 | D:2      | Reached skill level 5 in Axes
   814 | D:2      | Reached XP level 4. HP: 18/41 MP: 3/3
  1456 | D:2      | Reached ** piety under Trog
  1693 | D:3      | Found a hide-covered altar of Uskayaw.
  2131 | D:3      | Noticed a bullfrog
  2135 | D:3      | Killed a bullfrog
  2135 | D:3      | Reached XP level 5. HP: 47/47 MP: 4/4
  2142 | D:3      | Noticed Grinder
  2158 | D:3      | HP: 2/47 [Grinder (2)]
  2159 | D:3      | Killed from afar by Grinder

Skill      XL: |  1  2  3 |
---------------+----------+-----
Axes           | 4 5 |  5.8
Fighting       | 4 |  4.8
Armour         | 3 |  3.9
Dodging        | |  2.1

Action                   |  1- 3 |  4- 6 || total
-------------------------+-------+-------++-------
Melee: Hand axe          |    37 |    59 ||    96
       Headbutt          |    10 |     7 ||    17
Invok: Berserk           |     1 |     1 ||     2
  Eat: Chunk             |     1 |     4 ||     5
Armor: Animal skin       |     8 |       ||     8
       Scale mail        |       |    15 ||    15
Dodge: Dodged            |    20 |    22 ||    42
